 Dungeon Crawl Stone Soup version 0.30.1 (webtiles) character file.

Game seed: 4052138305351045720

8106 AiryTheDragon the Firebug (level 11, 0/71 (74) HPs)
             Began as a Demonspawn Fire Elementalist on July 6, 2023.
             Was an Elder of Lugonu.
             Slain by an unseen horror zombie (8 damage)
             ... on level 9 of the Dungeon.
             The game lasted 02:21:14 (10544 turns).

AiryTheDragon the Firebug (DsFE)                   Turns: 10544, Time: 02:21:14

HP:   0/71 (74)     AC:  4    Str: 10    XL:     11   Next: 5%
MP:   1/21          EV: 12    Int: 20    God:    Lugonu [****..]
Gold: 95            SH:  5    Dex: 13    Spells: 5/24 levels left

rFire   + + +        F - +4 short sword (freeze)
rCold   + + .        D - +1 buckler
rNeg    . . .        d - +2 robe {rC+ rF+}
rPois   .            (helmet restricted)
rElec   .            (cloak unavailable)
rCorr   .            (no gloves)
SInv    .            (no boots)
Will    .....        (no amulet)
Stlth   ++           g - ring of protection from cold
HPRegen 0.31/turn    p - ring of protection from fire
MPRegen 0.17/turn

%: no passive effects
@: mighty, about to teleport, lightly drained
A: demonic guardian 3, powered by pain 2, weakness stinger 3, horns 1, fire
resistance 1, MP-powered wands
a: Renounce Religion, Depart the Abyss, Banish, Corrupt


You were on level 9 of the Dungeon.
You worshipped Lugonu.
Lugonu was greatly pleased with you.
You visited 2 branches of the dungeon, and saw 10 of its levels.

You collected 535 gold pieces.
You spent 440 gold pieces at shops.

Inventory:

Hand Weapons
 b - a +3 battleaxe
 c - a +3 long sword
 k - a +2 morningstar
 n - a +2 short sword of draining
 A - a +3 mace
 F - a +4 short sword of freezing (weapon)
 P - a +2 scimitar
Missiles
 h - 3 datura-tipped darts
 j - 2 throwing nets
 E - 4 boomerangs
 L - 5 poisoned darts
Armour
 d - a +2 robe of resistance (worn)
 e - a +2 helmet
 m - a +2 cloak
 v - a +2 scale mail of cold resistance
 D - a +1 buckler (worn)
 G - a +2 robe of cold resistance
Jewellery
 g - a ring of protection from cold (left hand)
 p - a ring of protection from fire (right hand)
 I - a ring of flight
 O - an amulet of reflection
Wands
 a - a wand of digging (5)
 B - a wand of paralysis (6)
 C - a wand of flame (15)
Scrolls
 f - 2 scrolls of immolation
 l - a scroll of vulnerability
 s - 2 scrolls of amnesia
 u - a scroll of identify
 w - a scroll of fog {unknown}
 y - 2 scrolls of poison
 N - a scroll of enchant weapon {unknown}
Potions
 i - 3 potions of might
 q - 2 potions of attraction
 t - a potion of lignification
 x - 2 potions of haste {unknown}
 z - 2 potions of brilliance
 H - a potion of invisibility {unknown}
 J - 2 potions of flight
 K - a potion of degeneration {unknown}
 M - a potion of resistance {unknown}


   Skills:
 + Level 2.6 Fighting
 + Level 3.0 Short Blades
 + Level 2.6 Polearms
 * Level 2.4 Armour
 + Level 4.1 Dodging
 + Level 3.8 Stealth
 * Level 2.8 Shields
 + Level 7.0 Spellcasting
 + Level 5.2 Conjurations
 + Level 4.3 Hexes
 + Level 0.4 Translocations
 * Level 2.8 Transmutations
 + Level 7.8 Fire Magic
 + Level 0.3 Air Magic
 * Level 3.0 Poison Magic
 * Level 5.4 Invocations
 + Level 1.2 Evocations


You had 5 spell levels left.
You knew the following spells:

 Your Spells              Type           Power      Damage    Failure   Level
a - Foxfire               Conj/Fire      100%       2x1d9     1%          1
b - Scorch                Fire           76%        2d8       1%          2
c - Volatile Blastmotes   Fire/Tloc      46%        2d13      8%          3
d - Flame Wave            Conj/Fire      33%        2d10      10%         4
e - Tukima's Dance        Hex            24%        N/A       7%          3
f - Mephitic Cloud        Conj/Pois/Air  18%        N/A       13%         3
g - Ignite Poison         Fire/Tmut/Pois 25%        N/A       6%          3

Your spell library contained the following spells:

 Spells                   Type           Power      Damage    Failure   Level
 Inner Flame              Hex/Fire       31%        N/A       3%          3
 Sting                    Tmut/Pois      72%        1d6       4%          1
 Dazzling Flash           Conj/Hex       52%        N/A       6%          3
 Cigotuvi's Dreadful Rot  Necr/Pois/Air  22%        N/A       13%         2
 Portal Projectile        Hex/Tloc       32%        N/A       16%         3
 Petrify                  Tmut/Erth      12%        N/A       58%         4
 Blade Hands              Tmut           9%         N/A       75%         5
 Animate Armour           Summ/Erth      14%        N/A       80%         4
 Silence                  Hex/Air        8%         N/A       82%         5
 Metabolic Englaciation   Hex/Ice        7%         N/A       83%         5
 Agony                    Necr           7%         N/A       98%         5
 Eringya's Noxious Bog    Tmut/Pois      9%         N/A       99%         6
 Iron Shot                Conj/Erth      8%         9d3       100%        6
 Statue Form              Tmut/Erth      8%         N/A       100%        6


Dungeon Overview and Level Annotations

Branches:
Dungeon (9/15)             Temple (1/1) D:7             Orc (0/2) D:9
   Lair: D:8-11

Altars:
Ashenzari
Cheibriados
Dithmenos
Fedhas
Gozag
Kikubaaqudgha
Makhleb
Nemelex Xobeh
Okawaru
Qazlal
Ru
Sif Muna
Trog
Uskayaw
Vehumet
Wu Jian
Xom
Yredelemnul
Lugonu

Shops:
D:4 =   D:6 *

Annotations:
D:7 corrupted
D:8 exclusion: oklob plant


Innate Abilities, Weirdness & Mutations

A powerful demonic guardian rushes to your aid.
You sometimes gain power by taking damage.
You have a sharp stinger which inflicts weakening toxins.
You have a pair of small horns on your head.
Your flesh is heat resistant. (rF+)
You expend magic power (3 MP) to strengthen your wands.


Message History

Confirm with . or Enter, or press ? or * to list all spells.
Flames lash the wight.
The wight is moderately damaged.
The wight's fire resistance burns away.
The wight hits you with a +3 mace!
* * * LOW HITPOINT WARNING * * *
A demonic guardian appears!
You focus on the pain.
You feel very mighty all of a sudden.
An unseen horror zombie comes into view.
Your soul eater hits the wight but does no damage.
Casting: Scorch (safe; 1% risk of failure)
Confirm with . or Enter, or press ? or * to list all spells.
You conjure some foxfire!
An unseen horror zombie comes into view.
The wight hits you with a +3 mace!
* * * LOW HITPOINT WARNING * * *
You feel drained.
* * * LOW HITPOINT WARNING * * *
Your soul eater barely misses the wight.
Okay, then.
Okay, then.
As you read the scroll of teleportation, it crumbles to dust.
You feel strangely unstable.
The foxfire hits the wight.
The wight is burned terribly!
The wight is heavily damaged.
The foxfire hits the wight but does no damage.
The wight is heavily damaged.
The unseen horror zombie hits your soul eater but does no damage.
The unseen horror zombie hits you.
* * * LOW HITPOINT WARNING * * *
The unseen horror zombie barely misses you.
The wight hits you with a +3 mace.
* * * LOW HITPOINT WARNING * * *
You feel drained.
Your soul eater hits the wight!!
The wight is destroyed!
Lugonu accepts your kill.
Okay, then.
You feel better.
The unseen horror zombie closely misses you.
The unseen horror zombie hits you!
You die...

#. #.# #..# #.#
###..####### #.#
......#..P.# #.#
###.....P.PP######.#
###............##.##.#
............P..#...#(###
......§.....'..)........
......§@Z...####...#.###
........Z..## ##.##.#
........3.## ####.#
######...#.. ..#
##+##.## .## .# #. .# #.
.. .#


You could see 2 unseen horror zombies and a friendly soul eater (summoned).

Vanquished Creatures
  A komodo dragon (D:5)
  3 unseen horror zombies (D:9)
  Grinder (D:6)
  2 hornets (D:8)
  A wyvern (D:7)
  7 yaks
  Menkaure (D:4)
  An acid dragon (D:5)
  2 water moccasins
  An ice beast (D:5)
  3 orc warriors
  3 centaurs
  4 phantoms (D:5)
  Blork the orc (D:4)
  4 bullfrogs
  A gnoll sergeant (D:6)
  9 scorpions
  A wyvern zombie (D:9)
  4 wights (D:9)
  5 killer bees (D:8)
  4 howler monkeys
  4 centaur zombies (D:9)
  2 hounds
  4 orc priests
  2 jellies
  3 sleepcaps
  4 iguanas
  Natasha (thrice) (D:4)
  4 orc wizards
  A howler monkey zombie (D:9)
  Robin (D:2)
  8 adders
  12 gnolls
  7 worms
  6 dart slugs
  37 orcs
  3 bats (D:3)
  6 endoplasms
  A giant cockroach (D:2)
  17 goblins
  7 hobgoblins
  5 jackals
  5 kobolds
  5 quokkas
  4 ball pythons
  2 frilled lizards
  5 rats
217 creatures vanquished.

Vanquished Creatures (collateral kills)
  An unseen horror zombie (D:9)
  A hornet (D:7)
  A kobold brigand (D:9)
  3 wights (D:9)
  A gnoll bouda (D:3)
  4 howler monkey zombies (D:9)
  An adder (D:6)
  An orc (D:9)
  An endoplasm (D:2)
  2 giant cockroaches
  A hobgoblin (D:9)
17 creatures vanquished.

Vanquished Creatures (others)
  Duvessa (D:7)
  3 wights (D:7)
  Dowan (D:7)
  A howler monkey (D:7)
  276 foxfires
282 creatures vanquished.

Grand Total: 516 creatures vanquished

Notes
Turn   | Place    | Note
-------+----------+-------------------------------------------
     0 | D:1      | AiryTheDragon the Demonspawn Fire Elementalist began the
                  | quest for the Orb.
     0 | D:1      | Reached XP level 1. HP: 13/13 MP: 3/3
   287 | D:1      | Found a faded altar of an unknown god.
   293 | D:1      | Prayed at the altar of an unknown god.
   293 | D:1      | Became a worshipper of Lugonu the Unformed
   293 | D:1      | Reached * piety under Lugonu
   373 | D:1      | Gained mutation: A weak demonic guardian rushes to your
                  | aid. [demonic ancestry]
   373 | D:1      | Reached XP level 2. HP: 19/19 MP: 5/5
   920 | D:2      | Reached XP level 3. HP: 24/24 MP: 1/6
   923 | D:2      | Learned a level 2 spell: Scorch
   927 | D:2      | Learned a level 3 spell: Volatile Blastmotes
  1170 | D:2      | Found a blossoming altar of Fedhas.
  1296 | D:2      | Noticed Robin
  1302 | D:2      | Killed Robin
  1320 | D:2      | Reached ** piety under Lugonu
  1321 | D:2      | Gained mutation: You have a small tail. [demonic ancestry]
  1321 | D:2      | Reached XP level 4. HP: 24/30 MP: 2/7
  1333 | D:2      | Reached skill level 1 in Invocations
  1939 | D:3      | Noticed a centaur
  2065 | D:3      | Gained mutation: You have a tail ending in a sharp stinger.
                  | [demonic ancestry]
  2065 | D:3      | Reached XP level 5. HP: 7/36 MP: 0/9
  2068 | D:3      | Gained mutation: You do not regenerate when monsters are
                  | visible. [potion of mutation]
  2068 | D:3      | Gained mutation: You have sharp toenails. [potion of
                  | mutation]
  2261 | D:3      | Reached skill level 1 in Polearms
  2262 | D:3      | Lost mutation: You have sharp toenails. [potion of
                  | mutation]
  2262 | D:3      | Lost mutation: You do not regenerate when monsters are
                  | visible. [potion of mutation]
  2262 | D:3      | Gained mutation: Your magical capacity is low. (-10% MP)
                  | [potion of mutation]
  2262 | D:3      | Gained mutation: Your flesh is heat resistant. (rF+)
                  | [potion of mutation]
  2377 | D:3      | Reached *** piety under Lugonu
  2563 | D:3      | Lost mutation: Your magical capacity is low. (-10% MP)
                  | [potion of mutation]
  2563 | D:3      | Lost mutation: Your flesh is heat resistant. (rF+) [potion
                  | of mutation]
  2563 | D:3      | Gained mutation: You have large cloven feet. [potion of
                  | mutation]
  2777 | D:3      | Killed a centaur
  2778 | D:3      | Gained mutation: You have a sharp stinger which inflicts
                  | weakening toxins. [demonic ancestry]
  2778 | D:3      | Reached XP level 6. HP: 36/42 MP: 0/10
  2908 | D:3      | Learned a level 4 spell: Flame Wave
  3065 | D:4      | Found an opulent altar of Gozag.
  3190 | D:4      | Reached skill level 1 in Fighting
  3259 | D:4      | Noticed Menkaure
  3265 | D:4      | Killed Menkaure
  3266 | D:4      | Reached XP level 7. HP: 48/48 MP: 4/12
  3339 | D:4      | Found Rikae's One-of-a-Kind Rings.
  3360 | D:4      | Found a sparkling altar of Nemelex Xobeh.
  3471 | D:4      | Noticed Natasha
  3479 | D:4      | Killed Natasha
  3656 | D:4      | Noticed Blork the orc
  3661 | D:4      | Noticed Natasha
  3664 | D:4      | Killed Blork the orc
  3674 | D:4      | Killed Natasha
  3801 | D:4      | Noticed Natasha
  3805 | D:4      | Killed Natasha
  4008 | D:5      | Entered Level 5 of the Dungeon
  4024 | D:5      | Learned a level 3 spell: Tukima's Dance
  4065 | D:5      | Found a shadowy altar of Dithmenos.
  4093 | D:5      | Reached skill level 1 in Hexes
  4093 | D:5      | Gained mutation: You sometimes gain a little power by
                  | taking damage. [demonic ancestry]
  4093 | D:5      | Reached XP level 8. HP: 35/54 MP: 0/14
  4116 | D:5      | Lost mutation: You have large cloven feet. [potion of
                  | mutation]
  4116 | D:5      | Gained mutation: You have a pair of small horns on your
                  | head. [potion of mutation]
  4116 | D:5      | Gained mutation: Your flesh is heat resistant. (rF+)
                  | [potion of mutation]
  4116 | D:5      | Gained mutation: You expend magic power (3 MP) to
                  | strengthen your wands. [potion of mutation]
  4167 | D:5      | Reached **** piety under Lugonu
  4287 | D:5      | Reached skill level 5 in Fire Magic
  4307 | D:5      | Reached skill level 1 in Short Blades
  4362 | D:6      | Reached skill level 5 in Spellcasting
  4498 | D:6      | Noticed Grinder
  4504 | D:6      | Paralysed by Grinder for 3 turns
  4510 | D:6      | Paralysed by Grinder for 3 turns
  4513 | D:6      | Killed Grinder
  5022 | D:6      | Found a snail-covered altar of Cheibriados.
  5305 | D:6      | Gained mutation: You sometimes gain power by taking damage.
                  | [demonic ancestry]
  5305 | D:6      | Reached XP level 9. HP: 61/61 MP: 16/16
  5309 | D:6      | Found a burning altar of Makhleb.
  5383 | D:6      | Found Jaebeova's Serpentskin Sales.
  5473 | D:6      | Found a shimmering altar of Xom.
  5842 | D:5      | Noticed a komodo dragon
  5880 | D:5      | HP: 3/61 [komodo dragon (31)]
  5885 | D:5      | Killed a komodo dragon
  6121 | D:5      | Found a stormy altar of Qazlal.
  6647 | D:7      | Noticed Duvessa
  6656 | D:7      | Noticed Dowan
  6662 | D:7      | Corrupted D:7
  6662 | D:7      | Noticed a worldbinder
  6662 | D:7      | Noticed a thrashing horror
  6662 | D:7      | Noticed a rakshasa
  6662 | D:7      | Noticed an orange demon
  6663 | D:7      | Noticed an efreet
  6664 | D:7      | Noticed a bog body
  6664 | D:7      | Noticed a goliath frog
  6664 | D:7      | Noticed a starcursed mass
  6664 | D:7      | Noticed an eidolon
  6664 | D:7      | Killed Duvessa
  6665 | D:7      | Killed Dowan
  6677 | D:7      | Noticed a starcursed mass
  6678 | D:7      | Noticed a starcursed mass
  6684 | D:7      | Noticed a large abomination
  7018 | D:7      | Paralysed by a hornet for 3 turns
  7344 | D:7      | Found a staircase to the Ecumenical Temple.
  7354 | Temple   | Entered the Ecumenical Temple
  7746 | D:6      | Bought the Notes on Contaminants for 440 gold pieces
  7750 | D:6      | Learned a level 3 spell: Mephitic Cloud
  7754 | D:6      | Learned a level 3 spell: Ignite Poison
  7839 | D:8      | Reached skill level 1 in Shields
  8072 | D:8      | Paralysed by a hornet for 2 turns
  8148 | D:8      | Reached skill level 1 in Poison Magic
  8272 | D:8      | Reached skill level 1 in Transmutations
  8272 | D:8      | Gained mutation: A demonic guardian rushes to your aid.
                  | [demonic ancestry]
  8272 | D:8      | Reached XP level 10. HP: 63/67 MP: 15/19
  8491 | D:8      | Found an ancient bone altar of Kikubaaqudgha.
  8551 | D:8      | Found a blossoming altar of Fedhas.
  8562 | D:8      | Noticed an oklob plant
  8935 | D:9      | Found a radiant altar of Vehumet.
  8982 | D:9      | Reached skill level 1 in Armour
  9366 | D:9      | Found a broken altar of Ashenzari.
  9402 | D:9      | Found a staircase to the Orcish Mines.
  9405 | D:9      | Noticed a two-headed ogre
  9409 | D:9      | Banished a two-headed ogre
  9410 | D:9      | Reached skill level 5 in Conjurations
  9410 | D:9      | Reached skill level 5 in Invocations
 10070 | D:8      | Reached skill level 1 in Evocations
 10153 | D:8      | Found a hide-covered altar of Uskayaw.
 10203 | D:8      | Found a sacrificial altar of Ru.
 10526 | D:9      | Gained mutation: A powerful demonic guardian rushes to your
                  | aid. [demonic ancestry]
 10526 | D:9      | Reached XP level 11. HP: 74/74 MP: 15/21
 10543 | D:9      | HP: 2/72 [wight/+3 mace (4)]
 10544 | D:9      | Slain by an unseen horror zombie

Illustrated notes

Levels and vault maps discovered:
D:1:      evilmike_arrival_plus, layout_loops_corners,
          shapermc_ecumenical_altar_venn, minmay_misc_feat_hallway,
          minmay_domino_4
D:2:      minmay_chambers_of_ones, layout_basic, basic_altar,
          grunt_ministairs_2, fountainhead, hangedman_glass_teeth,
          amcnicky_mini_corridor_feature, uniq_robin
D:3:      minmay_evil_eye, layout_rooms
D:4:      layout_cave_pools, nicolae_gozag_seed_capital,
          mainiacjoe_overflow_paths, nicolae_shop_unique_rings, uniq_menkaure,
          uniq_natasha, uniq_blork_the_orc
D:5:      cheibrodos_fzero, layout_gridville, nicolae_qazlal_eye_of_the_storm,
          nicolae_dithmenos_through_a_glass_darkly,
          chequers_serial_rivers_room_b
D:6:      layout_basic, kennysheep_slug_shrine, mainiacjoe_overflow_24_doors,
          marbit_many_paths, guppyfry_shop_venom, uniq_grinder
D:7:      layout_loops_cross, minmay_temple_entry_statues_fountains,
          uniq_duvessa
D:8:      layout_basic, mainiacjoe_overflow_alcove_1,
          nicolae_overflow_crystal_walls, tgw_fedhas,
          mainiacjoe_overflow_alcove_2
D:9:      layout_loops_corners, worldfamousw_hep_ancestral_shrine,
          vehumet_altar_wand_db, nicolae_ashenzari_panopticon, orc_0_dummy,
          serial_undead, serial_undead_f, serial_undead_c, serial_undead_a,
          serial_undead_a, serial_undead_b, serial_undead_b, serial_undead_a,
          serial_undead_a
Temple:   nicolae_temple_two_arcs

Skill      XL: |  1  2  3  4  5  6  7  8  9 10 11 |
---------------+----------------------------------+-----
Fire Magic     | 3 4 5 6 7 |  7.8
Dodging        | 2 3 4 |  4.1
Stealth        | 2 3 |  3.8
Invocations    | 2 3 4 5 |  5.4
Polearms       | 1 2 |  2.6
Spellcasting   | 3 4 5 6 7 |  7.0
Fighting       | 1 2 |  2.6
Conjurations   | 2 3 4 5 |  5.2
Hexes          | 1 2 4 |  4.3
Short Blades   | 1 2 3 |  3.0
Shields        | 1 2 |  2.8
Poison Magic   | 1 2 3 |  3.0
Transmutations | 1 2 |  2.8
Armour         | 2 |  2.4
Evocations     | 1 |  1.2
Translocations | |  0.4
Air Magic      | |  0.3

Action                     |  1- 3 |  4- 6 |  7- 9 | 10-12 || total
---------------------------+-------+-------+-------+-------++-------
  Melee: Spear             |    66 |   139 |    14 |       ||   219
         Tailslap          |       |    15 |    20 |    12 ||    47
         Kick              |       |    14 |     9 |       ||    23
         Short sword       |       |       |    91 |    73 ||   164
         Headbutt          |       |       |     9 |    17 ||    26
   Cast: Foxfire           |    18 |    38 |    72 |    26 ||   154
         Scorch            |     2 |    27 |    86 |    49 ||   164
         Volatile Blastmot |       |     1 |     5 |       ||     6
         Flame Wave        |       |       |     3 |     6 ||     9
         Mephitic Cloud    |       |       |     1 |     6 ||     7
 Invoke: Corrupt           |       |       |     1 |       ||     1
         Banish            |       |       |       |     2 ||     2
  Evoke: Wand              |       |       |     3 |     6 ||     9
    Use: Scroll            |       |     5 |    15 |     3 ||    23
         Potion            |       |     3 |     9 |     2 ||    14
   Stab: Sleeping          |     6 |     6 |    12 |       ||    24
         Confused          |       |       |       |     1 ||     1
 Armour: Robe              |    31 |    58 |    19 |    23 ||   131
         Scale mail        |       |       |     7 |       ||     7
  Dodge: Dodged            |    33 |    86 |    78 |    72 ||   269
  Block: Buckler           |       |       |    25 |    27 ||    52
